 Dungeon Crawl Stone Soup version 0.30-a0-223-gcb0039aa0c (webtiles) character file.

Game seed: 13936801111161246320

37903 qw the Cleaver (level 13, -1/84 HPs)
             Began as a Gargoyle Fighter on Oct 9, 2022.
             Was a High Priest of Okawaru.
             Killed from afar by a molten gargoyle (19 damage)
             ... with a bolt of magma
             ... on level 5 of the Lair of Beasts.
             The game lasted 00:05:53 (13956 turns).

qw the Cleaver (Gargoyle Fighter)                  Turns: 13956, Time: 00:05:54

Health: -1/84      AC: 38    Str: 26    XL:     13   Next: 99%
Magic:  18/20      EV: 10    Int:  8    God:    Okawaru [*****.]
Gold:   935        SH: 12    Dex: 10    Spells: 12/12 levels left

rFire   . . .      SeeInvis .    b - +0 broad axe (vamp)
rCold   + . .      Faith    .    o - +1 buckler {reflect}
rNeg    + . .      Spirit   .    t - +0 plate armour
rPois   inf        Reflect  +    x - +1 helmet
rElec   +          Harm     .    (no cloak)
rCorr   .          Rampage  .    h - +2 pair of gloves {Dex+3}
Will    .....      Clarity  +    e - +0 pair of boots
Stlth   ..........               k - amulet of reflection
HPRegen 0.34/turn                c - ring of protection from cold
MPRegen 0.17/turn                w - +4 ring of protection

@: about to teleport, heroic
A: sickness immunity, AC +9, negative energy resistance 1, electricity
resistance, torment resistance 1, petrification resistance, clarity, clumsy 1
a: Renounce Religion, Heroism, Finesse, Duel


You were on level 5 of the Lair of Beasts.
You worshipped Okawaru.
Okawaru was extremely pleased with you.
You visited 2 branches of the dungeon, and saw 15 of its levels.
You also visited: Ossuary.

You collected 1204 gold pieces.
You spent 269 gold pieces at shops.


Innate Abilities, Weirdness & Mutations

You are immune to sickness and miasma.
Your stone body is resilient. (AC +9)
You are immune to poison.
You resist negative energy. (rN+)
You are resistant to electric shocks. (rElec)
You are resistant to unholy torment.
You are immune to petrification.
You possess an exceptional clarity of mind.
You are clumsy. (Dex -2)


   Skills:
 - Level 11.0(16.0) Fighting
 + Level 14.7(19.7) Axes
 - Level 3.0(8.0) Throwing
 - Level 10.2(15.2) Armour
 - Level 3.2(8.2) Dodging
 - Level 7.1(12.1) Shields
 - Level 10.0 Invocations


You had 12 spell levels left.
You didn't know any spells.
Your spell library was empty.

Inventory:

Hand Weapons
 b - a +0 vampiric broad axe (weapon)
 g - a +0 hand axe of flaming
 u - a +3 broad axe of electrocution
Missiles
 r - 4 boomerangs (quivered)
Armour
 e - a +0 pair of boots (worn)
 h - a +2 pair of gloves of dexterity (worn)
 o - a +1 buckler of reflection (worn)
 t - a +0 plate armour (worn)
 x - a +1 helmet (worn)
Jewellery
 c - a ring of protection from cold (left hand)
 k - an amulet of reflection (around neck)
 l - a ring of ice
 w - a +4 ring of protection (right hand)
Scrolls
 i - a scroll of teleportation
 n - 4 scrolls of identify
Potions
 a - a potion of haste
 d - 6 potions of might
 f - 3 potions of lignification
 j - 9 potions of curing
 p - 2 potions of magic
 q - 3 potions of mutation
 s - 2 potions of attraction
 v - a potion of heal wounds
 z - a potion of cancellation

Dungeon Overview and Level Annotations

Branches:
Dungeon (10/15)            Temple (0/1) D:4            Lair (5/5) D:10
  Swamp (0/4) Lair:2       Spider (0/4) Lair:2        Slime (0/5) Lair:5
Ossuary (visited)
    Orc: D:9-12

Altars:
Elyvilon
Hepliaklqana
Kikubaaqudgha
Okawaru
Sif Muna
Trog
Uskayaw
Wu Jian
Jiyva

Shops:
D:4 (   D:6 [:

Portals:
Abyss: D:3
Ice
Cave: Lair:1

Annotations:
D:3 2 transporters, qw's ghost, amateur GrFi
D:4 1 runed translucent door, Crazy Yiuf
D:5 2 runed translucent doors, qw's ghost, novice GrFi
D:7 1 transporter, qw's ghost, novice GrFi


Message History

The blast of flame hits you! You block the hell hound's attack.
You slash the hell hound!
The hell hound is moderately wounded.
The hell hound barely misses you.
You slice the hell hound!!
You kill the hell hound!
Okawaru accepts your kill.
You slice the wyvern!!
The wyvern is almost dead.
The wyvern bites you but does no damage.
You block the wyvern's attack.
You hit the wyvern but do no damage.
The wyvern is almost dead.
The molten gargoyle blasts magma at you!
The bolt of magma hits you!! You block the wyvern's attack.
13953 ||| INVOKING Heroism.
You gain the combat prowess of a mighty hero.
You block the wyvern's attack.
You slash the wyvern!
You feel better.
You kill the wyvern!
Okawaru accepts your kill.
You barely miss the molten gargoyle. The molten gargoyle closely misses you.
You slice the molten gargoyle!!
The molten gargoyle is severely damaged.
You hit the hell hound. The hell hound completely misses you.
The molten gargoyle hits you with a +0 morningstar!!
You are engulfed in flames!
13956 ||| READING 2 scrolls of teleportation.
As you read the scroll of teleportation, it crumbles to dust.
You feel strangely unstable.
The hell hound bites you but does no damage.
The hell hound breathes flames at you.
The blast of flame hits you but does no damage.
The blast of flame hits the molten gargoyle.
The molten gargoyle completely resists.
The molten gargoyle blasts magma at you!
The bolt of magma hits you!!
You die...

~~~%#%..).# ##
~~~~~.....## .
~~~~P......# ## ..
~~~~.......# #~ # .9.
~~~~~.!...## #~ ~#....
.~..P.....# ##¤##h..#
.........####~~#.l.~###
#.#.#..#.###~~.h##¤~~~
###......##8~¤..@#~~#
.###....####~¤...9¤#
.##.....###~~¤..¤¤¤#
.##.^...##8¤~..¤¤¤~#
........###~....~¤¤#
.......###8¤....~~~#
#.#....# ##¤¤....¤¤## .
##....##
#¤~~¤..¤~~#####
#....%%#
#~~¤....~~~~~~~


You could see a molten gargoyle and a hell hound (catching breath).

Vanquished Creatures
  Snorg (D:10)
  A hydra (Lair:3)
  A two-headed ogre (D:8)
  4 death yaks (Lair:5)
  Erica (D:9)
  A boulder beetle (Lair:3)
  Nergalle (Lair:3)
  3 bog bodies (Lair:2)
  Pikel (D:9)
  11 elephants
  A torpor snail (Lair:2)
  2 black mambas
  9 cane toads
  2 rime drakes
  A kobold demonologist (D:6)
  Psyche (D:8)
  7 komodo dragons
  2 ice devils (Lair:1)
  3 polar bears
  4 dream sheep (Lair:2)
  23 blink frogs
  Sigmund (D:3)
  A shadow (D:9)
  2 wraiths
  10 wyverns
  3 basilisks
  25 yaks
  3 vampire mosquitoes (D:10)
  2 acid dragons
  25 water moccasins
  A hell hound (Lair:5)
  A black bear (D:6)
  An orc warrior (D:10)
  A sky beast (D:8)
  6 wolves
  5 centaurs
  An ogre (D:5)
  A phantom (D:6)
  3 lemures (D:9)
  2 kobold brigands
  10 bullfrogs
  3 gnoll sergeants
  8 scorpions
  A necrophage (D:6)
  3 water moccasin zombies (Ossuary)
  14 killer bees (D:9)
  2 howler monkeys (D:9)
  5 electric eels
  2 hounds
  3 lava snakes (Lair:5)
  2 jellies
  2 gnoll boudas
  6 orc priests
  6 iguanas
  4 orc wizards
  2 mummies (Ossuary)
  13 gnolls
  17 adders
  2 river rats (D:3)
  3 shadow imps
  3 white imps
  5 adder zombies (Ossuary)
  4 worms
  28 orcs
  9 ball pythons
  3 endoplasms
  5 giant cockroaches
  10 goblins
  8 hobgoblins
  3 quokkas
  3 bats
  2 frilled lizards
  4 gnoll zombies (Ossuary)
  2 hobgoblin zombies (Ossuary)
  14 kobolds
  5 kobold zombies (Ossuary)
  9 orc zombies (Ossuary)
  7 rats
  A butterfly (Lair:4)
407 creatures vanquished.

Vanquished Creatures (others)
  An adder (Lair:2)
  13 fungi
  18 plants
32 creatures vanquished.

Grand Total: 439 creatures vanquished

Notes
Turn   | Place    | Note
-------+----------+-------------------------------------------
     0 | D:1      | qw the Gargoyle Fighter began the quest for the Orb.
     0 | D:1      | Reached XP level 1. HP: 14/14 MP: 1/1
     0 | D:1      | 0 ||| qw: Version: 0.2-a-17-g06abaee
     0 | D:1      | 0 ||| qw: Game counter: 2214
     0 | D:1      | 0 ||| qw: Always use a shield: true
     0 | D:1      | 0 ||| qw: God list: Okawaru
     0 | D:1      | 0 ||| qw: Allow faded altars: false
     0 | D:1      | 0 ||| qw: Do Orc after D:15 true
     0 | D:1      | 0 ||| qw: Do second Lair branch before Depths: true
     0 | D:1      | 0 ||| qw: Lair rune preference: random
     0 | D:1      | 0 ||| qw: Plans: Normal, Zot:1-4, God:TSO, Crypt, Tomb,
                  | Pan, Slime:5, Hells, Abyss, Orb
     0 | D:1      | 0 ||| PLANNING D:1-11
   211 | D:1      | Reached skill level 2 in Axes
   381 | D:1      | Reached XP level 2. HP: 19/19 MP: 2/2
   632 | D:1      | 632 ||| UPGRADING to +0 pair of gloves of dexterity.
   637 | D:1      | 637 ||| UPGRADING to amulet of guardian spirit.
   642 | D:1      | 642 ||| UPGRADING to amulet of reflection.
   652 | D:1      | 652 ||| DROPPING amulet of guardian spirit.
   653 | D:1      | 653 ||| READING scroll labelled COESTUGRAG.
   654 | D:1      | 654 ||| DRINKING 2 fuming green potions.
   757 | D:2      | 757 ||| Stepping ~*~*~tactically~*~*~ (stealth).
   768 | D:2      | Reached skill level 3 in Axes
   777 | D:2      | Reached XP level 3. HP: 23/23 MP: 3/3
   896 | D:2      | Found a faded altar of an unknown god.
  1192 | D:2      | 1192 ||| READING scroll labelled IGHOID YDACI.
  1193 | D:2      | 1193 ||| READING scroll labelled FOETWI NEMEI.
  1196 | D:2      | 1196 ||| READING scroll labelled MAKKAK WAAGHE.
  1297 | D:2      | 1297 ||| DRINKING 2 silvery potions.
  1298 | D:2      | 1298 ||| DROPPING potion of invisibility.
  1601 | D:3      | 1601 ||| PLANNING SEWER
  1619 | D:3      | 1619 ||| Stepping ~*~*~tactically~*~*~ (stealth).
  1623 | D:3      | 1623 ||| Stepping ~*~*~tactically~*~*~ (stealth).
  1624 | D:3      | Noticed Sigmund
  1625 | D:3      | 1625 ||| Stepping ~*~*~tactically~*~*~ (stealth).
  1637 | D:3      | 1637 ||| FLEEEEING.
  1643 | D:3      | 1643 ||| STAIRDANCE
  1733 | D:3      | Found a transporter.
  1733 | D:3      | Noticed a kobold brigand
  1758 | D:3      | Found a transporter.
  1762 | D:3      | Noticed a small abomination
  1763 | D:3      | Noticed qw's ghost (amateur GrFi)
  1780 | D:3      | Reached XP level 4. HP: 28/28 MP: 4/4
  1799 | D:3      | 1799 ||| DROPPING +0 club.
  1840 | D:3      | Reached skill level 4 in Axes
  1882 | D:3      | 1882 ||| Stepping ~*~*~tactically~*~*~ (hiding).
  1893 | D:3      | HP: 7/28 [Sigmund/+0 scythe (5)]
  1894 | D:3      | 1894 ||| DRINKING potion of heal wounds.
  1904 | D:3      | Killed Sigmund
  1905 | D:3      | Reached skill level 3 in Dodging
  1905 | D:3      | Reached XP level 5. HP: 26/32 MP: 5/5
  1905 | D:3      | Reached XP level 6. HP: 30/37 MP: 6/6
  2121 | D:3      | Found an iron altar of Okawaru.
  2122 | D:3      | Found a bloodstained altar of Trog.
  2170 | D:3      | Found a one-way gate to the infinite horrors of the Abyss.
  2259 | D:3      | 2259 ||| RIP SEWER
  2272 | D:3      | 2272 ||| PLANNING OKAWARU WORSHIP
  2272 | D:3      | 2272 ||| READING scroll labelled KEIV TAHULAL.
  2273 | D:3      | 2273 ||| DROPPING scroll of blinking.
  2345 | D:3      | Became a worshipper of Warmaster Okawaru
  2346 | D:3      | 2346 ||| PLANNING D:1-11
  2549 | D:4      | 2549 ||| STAIRDANCE
  2603 | D:4      | Reached skill level 5 in Axes
  2622 | D:4      | Found Maegebo's Antique Weapon Shoppe.
  2625 | D:4      | 2625 ||| BUYING broad axe (80 gold).
  2625 | D:4      | Bought a broad axe for 80 gold pieces
  2625 | D:4      | 2625 ||| SWAPPING to +0 broad axe.
  2626 | D:4      | 2626 ||| DROPPING +0 war axe.
  2693 | D:4      | You fall into a shaft and drop 1 floor!
  2693 | D:5      | Entered Level 5 of the Dungeon
  2705 | D:5      | Reached XP level 7. HP: 41/43 MP: 7/7
  2902 | D:5      | Found a runed translucent door.
  2907 | D:5      | Noticed qw's ghost (novice GrFi)
  2986 | D:5      | 2986 ||| READING scroll labelled IDGHEE ECZEVA.
  2987 | D:5      | 2987 ||| READING scroll labelled NOCEQA YCKUUFI.
  3003 | D:4      | Found a staircase to the Ecumenical Temple.
  3310 | D:4      | 3310 ||| Stepping ~*~*~tactically~*~*~ (hiding).
  3453 | D:4      | 3453 ||| Stepping ~*~*~tactically~*~*~ (stealth).
  3454 | D:4      | 3454 ||| Stepping ~*~*~tactically~*~*~ (stealth).
  3468 | D:4      | 3468 ||| READING scroll of brand weapon.
  3468 | D:4      | 3468 ||| BRANDING +0 broad axe of protection.
  3636 | D:4      | Found a hazy altar of Hepliaklqana.
  3751 | D:4      | Found a runed translucent door.
  3752 | D:4      | Noticed Crazy Yiuf
  3755 | D:4      | 3755 ||| DROPPING amulet of magic regeneration.
  3878 | D:5      | Found a runed translucent door.
  4061 | D:5      | 4061 ||| Stepping ~*~*~tactically~*~*~ (stealth).
  4071 | D:5      | Reached skill level 6 in Axes
  4110 | D:5      | 4110 ||| Stepping ~*~*~tactically~*~*~ (hiding).
  4122 | D:5      | HP: 6/43 [gnoll sergeant/+0 trident (12)]
  4122 | D:5      | HP: 1/43 [gnoll sergeant/+0 trident (5)]
  4123 | D:5      | 4123 ||| DRINKING potion of heal wounds.
  4128 | D:5      | Reached * piety under Okawaru
  4232 | D:5      | 4232 ||| INVOKING Heroism.
  4235 | D:5      | Reached skill level 1 in Invocations
  4291 | D:5      | 4291 ||| INVOKING Heroism.
  4304 | D:5      | 4304 ||| INVOKING Heroism.
  4306 | D:5      | Reached XP level 8. HP: 47/48 MP: 5/9
  4387 | D:5      | 4387 ||| UPGRADING to +0 chain mail.
  4397 | D:5      | 4397 ||| DROPPING +0 scale mail.
  4403 | D:5      | 4403 ||| STAIRDANCE
  4410 | D:5      | 4410 ||| DROPPING +0 flail.
  4693 | D:5      | 4693 ||| READING scroll labelled APOUPI KOATT.
  4699 | D:5      | 4699 ||| STAIRDANCE
  4942 | D:6      | 4942 ||| Stepping ~*~*~tactically~*~*~ (hiding).
  4946 | D:6      | 4946 ||| INVOKING Heroism.
  4948 | D:6      | 4948 ||| Stepping ~*~*~tactically~*~*~ (stealth).
  4954 | D:6      | Reached skill level 7 in Axes
  4954 | D:6      | Reached skill level 3 in Invocations
  4956 | D:6      | Found Qaucorio's Book Shop.
  4957 | D:6      | 4957 ||| INVOKING Heroism.
  4989 | D:6      | Found Ygieruica's Armour Emporium.
  4997 | D:6      | 4997 ||| INVOKING Heroism.
  5016 | D:6      | 5016 ||| BUYING +1 buckler of reflection (189 gold).
  5016 | D:6      | Bought a +1 buckler of reflection for 189 gold pieces
  5088 | D:6      | 5088 ||| INVOKING Heroism.
  5312 | D:6      | Noticed a wraith
  5317 | D:6      | Noticed a kobold demonologist
  5324 | D:6      | Reached skill level 1 in Throwing
  5327 | D:6      | Noticed a red devil
  5327 | D:6      | 5327 ||| INVOKING Heroism.
  5329 | D:6      | Killed a wraith
  5336 | D:6      | Killed a kobold demonologist
  5336 | D:6      | Reached ** piety under Okawaru
  5337 | D:6      | Reached skill level 8 in Axes
  5337 | D:6      | Reached XP level 9. HP: 15/54 MP: 10/12
  5578 | D:6      | 5578 ||| UPGRADING to +1 buckler of reflection.
  5588 | D:6      | 5588 ||| DROPPING +0 buckler.
  5589 | D:6      | 5589 ||| UPGRADING to +0 plate armour.
  5599 | D:6      | 5599 ||| DROPPING +0 chain mail.
  5600 | D:6      | 5600 ||| DRINKING 2 bubbling sapphire potions.
  5601 | D:6      | 5601 ||| READING 3 scrolls of identify.
  5601 | D:6      | 5601 ||| IDENTIFYING glowing puce potion
  5602 | D:6      | 5602 ||| READING 2 scrolls of identify.
  5602 | D:6      | 5602 ||| IDENTIFYING fuming clear potion
  5603 | D:6      | 5603 ||| DROPPING potion of berserk rage.
  5634 | D:7      | 5634 ||| Stepping ~*~*~tactically~*~*~ (hiding).
  5635 | D:7      | 5635 ||| Stepping ~*~*~tactically~*~*~ (hiding).
  5684 | D:7      | Found a transporter.
  5695 | D:7      | Found an ancient bone altar of Kikubaaqudgha.
  5696 | D:7      | Noticed qw's ghost (novice GrFi)
  5832 | D:7      | Reached skill level 6 in Fighting
  5922 | D:7      | 5922 ||| INVOKING Heroism.
  5971 | D:7      | 5971 ||| INVOKING Heroism.
  6046 | D:7      | 6046 ||| Stepping ~*~*~tactically~*~*~ (hiding).
  6047 | D:7      | 6047 ||| Stepping ~*~*~tactically~*~*~ (hiding).
  6049 | D:7      | 6049 ||| Stepping ~*~*~tactically~*~*~ (hiding).
  6398 | D:7      | 6398 ||| READING scroll labelled EPPIMO MEOMEPH.
  6399 | D:7      | 6399 ||| READING scroll labelled YMMAF CIYNG.
  6400 | D:7      | 6400 ||| READING 2 scrolls of identify.
  6400 | D:7      | 6400 ||| IDENTIFYING puce potion
  6420 | D:8      | 6420 ||| PLANNING OSSUARY
  6443 | D:8      | 6443 ||| INVOKING Heroism.
  6521 | D:8      | Noticed Psyche
  6522 | D:8      | 6522 ||| INVOKING Heroism.
  6525 | D:8      | Killed Psyche
  6526 | D:8      | Reached skill level 9 in Axes
  6579 | D:8      | Noticed a two-headed ogre
  6580 | D:8      | 6580 ||| INVOKING Heroism.
  6585 | D:8      | Killed a two-headed ogre
  6585 | D:8      | Reached *** piety under Okawaru
  6586 | D:8      | Reached skill level 6 in Shields
  6586 | D:8      | Reached XP level 10. HP: 53/60 MP: 10/13
  6789 | D:8      | Found a sand-covered staircase.
  6790 | D:8      | 6790 ||| UPGRADING to ring of protection from cold.
  6791 | D:8      | 6791 ||| DRINKING 2 lumpy sapphire potions.
  6792 | D:8      | 6792 ||| READING 3 scrolls of identify.
  6792 | D:8      | 6792 ||| IDENTIFYING cyan potion
  6793 | D:8      | 6793 ||| READING 2 scrolls of identify.
  6793 | D:8      | 6793 ||| IDENTIFYING viscous pink potion
  6794 | D:8      | 6794 ||| DROPPING potion of flight.
  6795 | D:8      | 6795 ||| DROPPING potion of brilliance.
  6803 | Ossuary  | Entered an ossuary
  6817 | Ossuary  | 6817 ||| INVOKING Heroism.
  6845 | Ossuary  | 6845 ||| INVOKING Heroism.
  6873 | Ossuary  | 6873 ||| INVOKING Heroism.
  6917 | Ossuary  | 6917 ||| INVOKING Heroism.
  6976 | Ossuary  | 6976 ||| READING scroll labelled GUDAYP PUKHEDI.
  6977 | Ossuary  | 6977 ||| READING scroll labelled TACZYCLIASK.
  6985 | D:8      | 6985 ||| PLANNING D:1-11
  7153 | D:8      | Reached skill level 3 in Throwing
  7165 | D:8      | 7165 ||| Stepping ~*~*~tactically~*~*~ (stealth).
  7171 | D:8      | 7171 ||| Stepping ~*~*~tactically~*~*~ (stealth).
  7175 | D:8      | 7175 ||| Stepping ~*~*~tactically~*~*~ (stealth).
  7397 | D:8      | 7397 ||| DROPPING scarf of harm.
  7449 | D:9      | Reached skill level 6 in Armour
  7457 | D:9      | 7457 ||| INVOKING Heroism.
  7462 | D:9      | Reached **** piety under Okawaru
  7549 | D:9      | Identified the +6 long sword of the Brewing Gods {vorpal,
                  | *Slow +Blink rCorr Int+3}
  7549 | D:9      | Noticed Erica
  7550 | D:9      | 7550 ||| INVOKING Heroism.
  7557 | D:9      | Killed Erica
  7557 | D:9      | Received a gift from Okawaru
  7610 | D:9      | 7610 ||| Stepping ~*~*~tactically~*~*~ (stealth).
  7621 | D:9      | 7621 ||| FLEEEEING.
  7622 | D:9      | 7622 ||| FLEEEEING.
  7623 | D:9      | 7623 ||| FLEEEEING.
  7624 | D:9      | 7624 ||| FLEEEEING.
  7626 | D:9      | 7626 ||| FLEEEEING.
  7627 | D:9      | 7627 ||| FLEEEEING.
  7662 | D:9      | 7662 ||| Stepping ~*~*~tactically~*~*~ (stealth).
  7685 | D:9      | 7685 ||| INVOKING Heroism.
  7827 | D:9      | 7827 ||| INVOKING Heroism.
  7897 | D:9      | 7897 ||| INVOKING Heroism.
  7905 | D:9      | Received a gift from Okawaru
  7913 | D:9      | Reached skill level 10 in Axes
  8169 | D:9      | Noticed Pikel
  8170 | D:9      | 8170 ||| Stepping ~*~*~tactically~*~*~ (stealth).
  8172 | D:9      | 8172 ||| INVOKING Heroism.
  8177 | D:9      | Killed Pikel
  8178 | D:9      | Reached XP level 11. HP: 69/69 MP: 12/15
  8294 | D:9      | Reached skill level 6 in Invocations
  8297 | D:9      | 8297 ||| Stepping ~*~*~tactically~*~*~ (stealth).
  8298 | D:9      | 8298 ||| Stepping ~*~*~tactically~*~*~ (stealth).
  8370 | D:9      | 8370 ||| UPGRADING to +0 pair of boots.
  8375 | D:9      | 8375 ||| UPGRADING to +0 helmet.
  8380 | D:9      | 8380 ||| UPGRADING to +4 ring of protection.
  8381 | D:9      | 8381 ||| READING scroll labelled NETEUT FUNOQ.
  8382 | D:9      | 8382 ||| DRINKING 2 fuming black potions.
  8382 | D:9      | Gained mutation: You are clumsy. (Dex -2) [potion of
                  | mutation]
  8382 | D:9      | Gained mutation: You possess an exceptional clarity of
                  | mind. [potion of mutation]
  8383 | D:9      | 8383 ||| DRINKING 3 dark potions.
  8396 | D:10     | Entered Level 10 of the Dungeon
  8397 | D:10     | 8397 ||| STAIRDANCE
  8403 | D:10     | 8403 ||| INVOKING Heroism.
  8421 | D:10     | 8421 ||| Stepping ~*~*~tactically~*~*~ (stealth).
  8537 | D:10     | 8537 ||| INVOKING Heroism.
  8599 | D:10     | 8599 ||| Stepping ~*~*~tactically~*~*~ (hiding).
  8604 | D:10     | Noticed Snorg
  8605 | D:10     | 8605 ||| INVOKING Heroism.
  8610 | D:10     | Received a gift from Okawaru
  8620 | D:10     | Killed Snorg
  8747 | D:10     | Found a shimmering blue altar of Sif Muna.
  8784 | D:10     | Found a white marble altar of Elyvilon.
  8840 | D:10     | Identified the +1 robe "Gouruirph" {rF+ Will+}
  8880 | D:10     | 8880 ||| Stepping ~*~*~tactically~*~*~ (hiding).
  8898 | D:10     | 8898 ||| Stepping ~*~*~tactically~*~*~ (stealth).
  8911 | D:10     | 8911 ||| Stepping ~*~*~tactically~*~*~ (stealth).
  8921 | D:10     | Found a staircase to the Lair.
  9125 | D:10     | Reached ***** piety under Okawaru
  9229 | D:10     | 9229 ||| PLANNING LAIR
  9324 | Lair:1   | Entered Level 1 of the Lair of Beasts
  9327 | Lair:1   | 9327 ||| INVOKING Heroism.
  9412 | Lair:1   | 9412 ||| Stepping ~*~*~tactically~*~*~ (hiding).
  9553 | Lair:1   | 9553 ||| Stepping ~*~*~tactically~*~*~ (stealth).
  9554 | Lair:1   | 9554 ||| Stepping ~*~*~tactically~*~*~ (stealth).
  9556 | Lair:1   | 9556 ||| Stepping ~*~*~tactically~*~*~ (stealth).
  9603 | Lair:1   | Found a frozen archway.
  9910 | Lair:1   | 9910 ||| DROPPING amulet of regeneration.
  9911 | Lair:1   | 9911 ||| READING scroll labelled JEPUFAFREU.
  9912 | Lair:1   | 9912 ||| READING scroll labelled WYHAFO YRESUI.
  9960 | Lair:1   | 9960 ||| READING 2 scrolls of identify.
  9960 | Lair:1   | 9960 ||| IDENTIFYING fizzy coppery potion
  9961 | Lair:1   | 9961 ||| DROPPING potion of ambrosia.
  9975 | Lair:2   | Noticed a bog body
  9976 | Lair:2   | 9976 ||| FLEEEEING.
  9981 | Lair:2   | Killed a bog body
 10153 | Lair:2   | 10153 ||| INVOKING Heroism.
 10202 | Lair:2   | Reached skill level 11 in Axes
 10216 | Lair:2   | 10216 ||| INVOKING Heroism.
 10219 | Lair:2   | Identified the +3 scale mail of Wuxied {Int+6} (Okawaru
                  | gifted it to you on level 2 of the Lair of Beasts)
 10219 | Lair:2   | Received a gift from Okawaru
 10220 | Lair:2   | Reached skill level 9 in Invocations
 10229 | Lair:2   | Reached XP level 12. HP: 61/75 MP: 16/19
 10237 | Lair:2   | 10237 ||| INVOKING Heroism.
 10366 | Lair:2   | 10366 ||| INVOKING Heroism.
 10369 | Lair:2   | Reached skill level 9 in Fighting
 10411 | Lair:2   | 10411 ||| INVOKING Heroism.
 10527 | Lair:2   | Found a hole to the Spider Nest.
 10530 | Lair:2   | 10530 ||| INVOKING Heroism.
 10794 | Lair:2   | 10794 ||| READING scroll of enchant armour.
 10794 | Lair:2   | 10794 ||| ENCHANTING +0 pair of gloves of dexterity.
 10838 | Lair:2   | Reached skill level 12 in Axes
 10846 | Lair:2   | 10846 ||| INVOKING Heroism.
 10847 | Lair:2   | 10847 ||| Stepping ~*~*~tactically~*~*~ (stealth).
 10869 | Lair:2   | Reached skill level 9 in Armour
 10875 | Lair:2   | 10875 ||| INVOKING Heroism.
 10984 | Lair:2   | 10984 ||| DROPPING +0 morningstar.
 11001 | Lair:2   | 11001 ||| INVOKING Heroism.
 11005 | Lair:2   | 11005 ||| Stepping ~*~*~tactically~*~*~ (water).
 11015 | Lair:2   | Received a gift from Okawaru
 11050 | Lair:2   | 11050 ||| SWAPPING to +0 vampiric broad axe.
 11056 | Lair:2   | 11056 ||| Stepping ~*~*~tactically~*~*~ (stealth).
 11195 | Lair:2   | 11195 ||| INVOKING Heroism.
 11293 | Lair:2   | Found a staircase to the Swamp.
 11295 | Lair:2   | 11295 ||| Stepping ~*~*~tactically~*~*~ (hiding).
 11351 | Lair:2   | 11351 ||| DRINKING 2 ruby potions.
 11382 | Lair:3   | 11382 ||| STAIRDANCE
 11386 | Lair:3   | 11386 ||| STAIRDANCE
 11423 | Lair:3   | Reached XP level 13. HP: 82/82 MP: 20/20
 11431 | Lair:3   | Reached skill level 13 in Axes
 11463 | Lair:3   | 11463 ||| READING scroll of enchant armour.
 11463 | Lair:3   | 11463 ||| ENCHANTING +1 pair of gloves of dexterity.
 11469 | Lair:3   | 11469 ||| INVOKING Heroism.
 11518 | Lair:3   | Found the necklace of Bloodlust {*Rage Will++ Int-3 Slay+6}
 11615 | Lair:3   | Found an ornate altar of the Wu Jian Council.
 11617 | Lair:3   | 11617 ||| INVOKING Heroism.
 11618 | Lair:3   | 11618 ||| INVOKING Finesse.
 11665 | Lair:3   | Found a hide-covered altar of Uskayaw.
 11671 | Lair:3   | Noticed Nergalle
 11672 | Lair:3   | 11672 ||| INVOKING Heroism.
 11699 | Lair:3   | Killed Nergalle
 11904 | Lair:3   | 11904 ||| INVOKING Heroism.
 11905 | Lair:3   | 11905 ||| INVOKING Finesse.
 11907 | Lair:3   | 11907 ||| SWAPPING to +0 hand axe of flaming.
 11920 | Lair:3   | 11920 ||| SWAPPING to +0 vampiric broad axe.
 11958 | Lair:3   | 11958 ||| Stepping ~*~*~tactically~*~*~ (stealth).
 11959 | Lair:3   | 11959 ||| Stepping ~*~*~tactically~*~*~ (stealth).
 11961 | Lair:3   | 11961 ||| Stepping ~*~*~tactically~*~*~ (stealth).
 11964 | Lair:3   | 11964 ||| INVOKING Heroism.
 12064 | Lair:3   | 12064 ||| INVOKING Heroism.
 12349 | Lair:3   | 12349 ||| READING scroll labelled ONAKUL NYOMOANK.
 12384 | Lair:4   | 12384 ||| Stepping ~*~*~tactically~*~*~ (stealth).
 12386 | Lair:4   | 12386 ||| Stepping ~*~*~tactically~*~*~ (stealth).
 12387 | Lair:4   | 12387 ||| INVOKING Heroism.
 12431 | Lair:4   | 12431 ||| INVOKING Heroism.
 12478 | Lair:4   | 12478 ||| READING scroll of enchant armour.
 12478 | Lair:4   | 12478 ||| ENCHANTING +0 helmet.
 12496 | Lair:4   | 12496 ||| INVOKING Heroism.
 12509 | Lair:4   | Identified the +6 falchion "Ytuxu" {venom, rN+} (Okawaru
                  | gifted it to you on level 4 of the Lair of Beasts)
 12509 | Lair:4   | Received a gift from Okawaru
 12762 | Lair:4   | 12762 ||| INVOKING Heroism.
 12774 | Lair:4   | Reached skill level 14 in Axes
 13373 | Lair:5   | Entered Level 5 of the Lair of Beasts
 13394 | Lair:5   | 13394 ||| INVOKING Heroism.
 13396 | Lair:5   | 13396 ||| Stepping ~*~*~tactically~*~*~ (stealth).
 13423 | Lair:5   | 13423 ||| INVOKING Heroism.
 13429 | Lair:5   | 13429 ||| Stepping ~*~*~tactically~*~*~ (stealth).
 13430 | Lair:5   | 13430 ||| Stepping ~*~*~tactically~*~*~ (stealth).
 13502 | Lair:5   | Found a staircase to the Slime Pits.
 13503 | Lair:5   | Found a viscous altar of Jiyva.
 13591 | Lair:5   | 13591 ||| INVOKING Heroism.
 13592 | Lair:5   | 13592 ||| INVOKING Finesse.
 13608 | Lair:5   | Received a gift from Okawaru
 13649 | Lair:5   | 13649 ||| DROPPING +0 spectral broad axe.
 13669 | Lair:5   | 13669 ||| INVOKING Heroism.
 13670 | Lair:5   | 13670 ||| INVOKING Finesse.
 13715 | Lair:5   | 13715 ||| Stepping ~*~*~tactically~*~*~ (stealth).
 13804 | Lair:5   | 13804 ||| INVOKING Heroism.
 13810 | Lair:5   | 13810 ||| Stepping ~*~*~tactically~*~*~ (stealth).
 13836 | Lair:5   | 13836 ||| INVOKING Finesse.
 13844 | Lair:5   | 13844 ||| INVOKING Heroism.
 13853 | Lair:5   | 13853 ||| Stepping ~*~*~tactically~*~*~ (stealth).
 13942 | Lair:5   | 13942 ||| Stepping ~*~*~tactically~*~*~ (hiding).
 13945 | Lair:5   | 13945 ||| Stepping ~*~*~tactically~*~*~ (hiding).
 13953 | Lair:5   | 13953 ||| INVOKING Heroism.
 13955 | Lair:5   | HP: 17/84 [molten gargoyle/+0 morningstar (13)]
 13956 | Lair:5   | 13956 ||| READING 2 scrolls of teleportation.
 13956 | Lair:5   | Killed from afar by a molten gargoyle

Levels and vault maps discovered:
D:1:      lemuel_arrival_hallway, layout_loops_ring, minmay_misc_feat_columns
D:2:      kennysheep_the_goblin_king, layout_basic,
          shapermc_ecumenical_altar_mp_vishouse
D:3:      layout_rooms, grunt_temple_overflow_bloody_war,
          gammafunk_ghost_abyssal_escape, gup_sewer_entry_spiral,
          nicolae_concentric_dashed_squares_wild, uniq_sigmund
D:4:      layout_loops_ring, nicolae_overflow_hidden_temple,
          minmay_temple_entry_offerings, serial_shops, kennysheep_mini_moat,
          minmay_curled_crystal, minmay_cut_off, uniq_crazy_yiuf_cottage
D:5:      minmay_inner_zag, layout_basic, ebering_ghost_sewer_f
D:6:      minmay_chambers_of_sixes, layout_cave_pools, dk_noncrumbling_3,
          nicolae_wooded_promenade
D:7:      layout_basic, mainiacjoe_overflow_paths, gammafunk_ghost_stat_death,
          chequers_mini_garden, minmay_misc_feat_roman
D:8:      layout_gridville, chequers_ossuary_entry_cave,
          minmay_misc_feat_hallway, uniq_psyche
D:9:      layout_roguey, uniq_erica, uniq_pikel
D:10:     layout_rooms, elyvilon_altar_5, nicolae_sif_muna_little_library,
          erik_lair_dragon, serial_glass, glass_columns_c, glass_columns_a,
          uniq_snorg
Lair:1:   layout_misc_corridors, portal_ice_cave_demonic_guard,
          grunt_forest_small_clearing_treed, grunt_megastairs_5
Lair:2:   lemuel_reptile_caves, layout_chaotic_city,
          nicolae_swamp_entry_splash_gauntlet, nicolae_spider_entry_non_spiders
Lair:3:   layout_chaotic_city, minivault_11, nzn_masters_of_martial_movement,
          serial_bayou_shore_a, grunt_megastairs_2, uniq_nergalle
Lair:4:   layout_cellular_growth, infiniplex_staircase_pool, lemuel_fruit_fields
Lair:5:   cheibrodos_lair_end_hotspot, layout_gridlike, slime_entry_1

Skill      XL: |  1  2  3  4  5  6  7  8  9 10 11 12 13 |
---------------+----------------------------------------+-----
Axes           | 2 3 4 5 6 8 9 10 11 12 14 | 14.7
Dodging        | 3 |  3.2
Fighting       | 4 5 6 8 10 11 | 11.0
Invocations    | 1 4 5 9 10 | 10.0
Throwing       | 1 2 3 |  3.0
Armour         | 5 6 8 9 10 | 10.2
Shields        | 6 7 |  7.1

Action                   |  1- 3 |  4- 6 |  7- 9 | 10-12 | 13-15 || total
-------------------------+-------+-------+-------+-------+-------++-------
Melee: War axe           |   123 |    99 |       |       |       ||   222
       Broad axe         |       |     5 |   180 |   480 |   371 ||  1036
       Hand axe          |       |       |       |       |    10 ||    10
Throw: Boomerang         |       |    30 |    24 |    37 |   103 ||   194
       Javelin           |       |       |    13 |    44 |       ||    57
Invok: Heroism           |       |       |    13 |    24 |    17 ||    54
       Finesse           |       |       |       |       |     5 ||     5
  Use: Scroll            |     4 |     1 |     9 |     9 |     4 ||    27
       Potion            |     2 |     1 |     2 |     4 |       ||     9
 Stab: Distracted        |       |       |     2 |     6 |       ||     8
       Sleeping          |       |       |       |       |     1 ||     1
Armor: Scale mail        |    56 |    26 |    26 |       |       ||   108
       Chain mail        |       |       |    20 |       |       ||    20
       Plate armour      |       |       |    15 |   222 |   132 ||   369
Dodge: Dodged            |    53 |    31 |    63 |   141 |    91 ||   379
Block: Buckler           |    41 |    46 |    72 |   236 |   150 ||   545
       Reflection        |       |     1 |     4 |     5 |     4 ||    14

Table legend:
 A = Non-vault XP
 B = Vault XP
 C = Vault XP percentage of total XP
 D = Non-vault monster count
 E = Vault monster count
 F = Vault count percentage of total count
                 A         B        C        D         E       F
            +---------+---------+-------+---------+---------+-------
      Total |   37587 |   16561 |  30.6 |     271 |     133 |  32.9
            +---------+---------+-------+---------+---------+-------
        D:1 |      18 |       0 |   0.0 |      13 |       0 |   0.0
        D:2 |      22 |      12 |  35.3 |      13 |       7 |  35.0
        D:3 |     142 |     288 |  67.0 |      22 |      10 |  31.2
        D:4 |     166 |      39 |  19.0 |      12 |       4 |  25.0
        D:5 |     352 |     190 |  35.1 |      11 |       5 |  31.2
        D:6 |     541 |     884 |  62.0 |      12 |       6 |  33.3
        D:7 |     810 |       0 |   0.0 |      16 |       0 |   0.0
        D:8 |    2051 |     365 |  15.1 |      13 |       1 |   7.1
        D:9 |    2248 |    1486 |  39.8 |      36 |       2 |   5.3
       D:10 |    1743 |    2081 |  54.4 |      22 |       7 |  24.1
     Lair:1 |     573 |     666 |  53.8 |       3 |       2 |  40.0
     Lair:2 |    9865 |    6065 |  38.1 |      34 |      45 |  57.0
     Lair:3 |    5114 |    2155 |  29.6 |      20 |       4 |  16.7
     Lair:4 |    5734 |       0 |   0.0 |      23 |       0 |   0.0
     Lair:5 |    8208 |    2010 |  19.7 |      21 |      10 |  32.3
    Ossuary |       0 |     320 | 100.0 |       0 |      30 | 100.0
            +---------+---------+-------+---------+---------+-------
